 Dungeon Crawl Stone Soup version 0.20-a0-1009-gc986637 (webtiles) character file.

108289 swashfuckler the Covert (level 16, -5/171 HPs)
             Began as an Octopode Monk on Apr 14, 2017.
             Slain by a halberd of protection (8 damage)
             ... on level 2 of the Elven Halls.
             The game lasted 01:32:46 (20941 turns).

swashfuckler the Covert (Octopode Monk)            Turns: 20941, Time: 01:32:47

Health: -5/171     AC: 12    Str: 25    XL:     16   Next: 49%
Magic:  24/24      EV: 32    Int: 13    God:    Xom [..*...]
Gold:   1019       SH: 13    Dex: 32    Spells: 8/29 levels left

rFire    + + .     SeeInvis +   r - +7 rapier (holy)
rCold    . . .     Gourm    .   q - +2 buckler
rNeg     + . .     Faith    .   w - +2 hat
rPois    +         Spirit   .   p - +3 amulet of reflection
rElec    .         Reflect  +   h - ring of wizardry
rCorr    +         Harm     .   (no ring)
MR       ++++.     Clarity  +   z - ring of resist corrosion
Stlth    ..........             F - ring of positive energy
Regen    0.8/turn               m - +2 ring of protection
MPRegen  0.2/turn               o - +6 ring of strength
                                (no ring)
                                n - ring of the Moon {rC- MR+ Str+2 Dex+8 SInv}

@: agile, berserking, icy armour, hasted, very quick
A: almost no armour, stealthy swim, amphibious, 8 rings, constrict 8, antennae
1, tentacle spike 1, camouflage 1, blurry vision 1, clarity, cold resistance 1,
fire resistance 2, low mp 1, magic resistance 2, sense surroundings 1, poison
resistance, regeneration 1, robust 1, wild magic 2, gelatinous body 1, evolution
1
a: Renounce Religion


You were on level 2 of the Elven Halls.
You worshipped Xom.
You were a toy of Xom.
You were not hungry.

You visited 4 branches of the dungeon, and saw 21 of its levels.
You also visited: Sewer and Bailey.

You collected 3238 gold pieces.
You spent 2219 gold pieces at shops.

Inventory:

Hand Weapons
 r - a +7 rapier of holy wrath (weapon)
 N - a +0 blowgun
 P - a +2 rapier of protection
 R - a +3 demon blade of freezing
Missiles
 A - 54 tomahawks of returning
 O - 8 curare-tipped needles
 Q - 3 javelins of penetration (quivered)
Armour
 q - a +2 buckler (worn)
 w - a +2 hat (worn)
Jewellery
 h - a ring of wizardry (left tentacle)
 m - a +2 ring of protection (on tentacle)
 n - the ring of the Moon (on tentacle) {rC- MR+ Str+2 Dex+8 SInv}
   (You acquired it on level 3 of the Lair of Beasts)

   [ring of protection from magic]

   It affects your strength (+2).
   It affects your dexterity (+8).
   It makes you vulnerable to cold.
   It affects your resistance to hostile enchantments.
   It lets you see invisible.
 o - a +6 ring of strength (on tentacle)
 p - a +3 amulet of reflection (around mantle)
 z - a ring of resist corrosion (on tentacle)
 F - a ring of positive energy (on tentacle)
Wands
 c - a wand of lightning (14/15)
 g - a wand of iceblast (9/15)
 l - a wand of iceblast (3/15)
 B - a wand of digging (3/24)
 G - a wand of iceblast (6/15)
 J - a wand of enslavement (13/24)
 S - a wand of digging (18/24)
 T - a wand of acid (9/15)
 V - a wand of clouds (3/9)
 Z - a wand of acid (6/15)
Scrolls
 e - a scroll of fear
 f - 5 scrolls of magic mapping
 i - 8 scrolls of remove curse
 k - 4 scrolls of teleportation
 t - a scroll of immolation
 W - 2 scrolls of summoning
 X - 2 scrolls of recharging
Potions
 d - 2 potions of haste
 j - 2 potions of cancellation
 u - 4 potions of flight
 x - a potion of resistance
 C - a potion of ambrosia
 D - 2 potions of berserk rage
 E - 10 potions of curing
 H - 3 potions of magic
 K - 3 potions of brilliance
 L - 2 potions of might
Miscellaneous
 s - a phial of floods
 y - a phantom mirror
Comestibles
 a - 17 bread rations
 v - a royal jelly


   Skills:
 + Level 7.9 Fighting
 * Level 13.4 Short Blades
 * Level 10.8 Throwing
 * Level 11.0 Dodging
 + Level 13.7 Stealth
 + Level 7.6 Shields
 + Level 0.8 Unarmed Combat
 * Level 7.3 Spellcasting
 + Level 5.1 Hexes
 * Level 5.7 Charms
 * Level 5.7 Necromancy
 * Level 5.6 Ice Magic
 * Level 10.2 Evocations


You had 8 spell levels left.
You knew the following spells:

 Your Spells              Type           Power        Failure   Level  Hunger
a - Confuse               Hex            ####....     7%          3    ##.....
b - Animate Skeleton      Necr           N/A          1%          1    None
c - Regeneration          Chrm/Necr      ####......   4%          3    ##.....
d - Ozocubu's Armour      Chrm/Ice       ####....     4%          3    ##.....
e - Vampiric Draining     Necr           ####......   4%          3    ##.....
f - Animate Dead          Necr           N/A          12%         4    ####...
g - Control Undead        Necr           ####......   12%         4    ####...


Dungeon Overview and Level Annotations

Branches:
Dungeon (11/15)            Temple (0/1) D:6            Lair (6/6) D:8
 Shoals (0/4) Lair:3       Spider (0/4) Lair:2        Slime (0/5) Lair:5
    Orc (2/2) D:11            Elf (2/3) Orc:2

Altars:
Cheibriados
Elyvilon
Gozag
Hepliaklqana
Kikubaaqudgha
Makhleb
Nemelex Xobeh
Okawaru
Qazlal
Ru
Trog
Xom
Zin
The Shining One
Beogh

Shops:
D:6 !%**   D:7 =   Orc:1 *   Orc:2 :([*   Elf:2 *


Innate Abilities, Weirdness & Mutations

You cannot wear most types of armour.
You are very stealthy in the water. (Stealth+)
You are amphibious.
You can wear up to eight rings at the same time.
You can use your tentacles to constrict eight enemies at once.
Your skin changes colour to match your surroundings (Stealth+).
Your rubbery body absorbs attacks. (AC +1, EV +1)
You have a pair of small antennae on your head.
One of your tentacles bears a spike.
Scrolls take you a little longer to read.
You possess an exceptional clarity of mind.
Your flesh is cold resistant. (rC+)
Your flesh is very heat resistant. (rF++)
Your magical capacity is low. (-10% MP)
You are highly resistant to hostile enchantments. (MR++)
You passively map a small area around you.
Your system is resistant to poisons. (rPois)
Your natural rate of healing is unusually fast.
You are robust. (+10% HP)
Your spells are harder to cast, but more powerful.
You evolve.


Message History

The deep elf knight barely misses you. The war axe of electrocution hits you!
* * * LOW HITPOINT WARNING * * *
You are electrocuted!
* * * LOW HITPOINT WARNING * * *
You puncture the deep elf knight! Your grab misses the deep elf knight.
You pierce the deep elf knight, but do no damage.
The deep elf knight is almost dead.
The halberd of protection completely misses you.
You hit the deep elf knight. You grab the deep elf knight.
You pierce the deep elf knight.
You kill the deep elf knight!
The war axe of electrocution completely misses you.
You hit the war axe of electrocution.
Your grab misses the war axe of electrocution.
You pierce the war axe of electrocution.
You squeeze the war axe of electrocution!
The war axe of electrocution is heavily damaged.
The halberd of protection hits you from afar!
You die...
Xom guffaws!

*#.....*,.......... *, ,*
#...* *.......... ##..##
##........# *#
##....###.........# * *#
#......#........... * #
##.........).......
##.......((e...... **
##....)##)((##...# ,, #
##.....####@## *# * #
#.....## ############# ####
#......###.#.......#.## #...
##......#.#...#.#...#.# #...
##.....##.#..###..#.## #...
##.....#...#).#..#...###...
##......'......#.).....##...
#.......'.##...#...##...#...
#.......'..#########........


You could see a deep elf knight and 4 dancing weapons.

Vanquished Creatures
  An orc warlord (Orc:2)
  A deep elf sorcerer (Elf:1)
  2 deep elf death magi
  Snorg (D:11)
  Josephine (D:11)
  2 hydras
  Erolcha (D:9)
  A catoblepas (Lair:6)
  19 dancing weapons
  4 two-headed ogres
  7 death yaks (Lair:6)
  A deep troll shaman (Lair:6)
  An orc high priest (Orc:2)
  Urug (D:11)
  11 deep elf knights
  2 wizards (Elf:1)
  9 deep elf archers
  3 orc knights
  7 oklob plants
  4 orc sorcerers
  36 deep elf magi
  A manticore (Lair:3)
  An ugly thing (D:11)
  A cyclops (Orc:2)
  16 elephants
  6 black mambas
  9 spiny frogs
  Joseph (D:9)
  A gargoyle (D:10)
  A rime drake (Lair:6)
  6 komodo dragons
  4 demonic crawlers (Elf:1)
  3 trolls
  A queen bee (Lair:3)
  A hornet (shapeshifter) (Elf:1)
  3 polar bears
  9 blink frogs
  A snapping turtle (Lair:3)
  12 hippogriffs
  Sigmund (D:5)
  8 spriggans
  4 wraiths (D:11)
  Eustachio (D:4)
  2 air elementals (Elf:2)
  34 yaks
  8 wyverns
  7 basilisks
  The ghost of rriegs the Shooter, an amateur CeAM (Sewer)
  A steam dragon (D:10)
  2 hungry ghosts
  4 fire elementals
  3 vampire mosquitoes (Elf:1)
  3 wargs (Orc:2)
  A swamp worm (Lair:5)
  Purgy (Sewer)
  An acid dragon (D:10)
  12 porcupines
  16 water moccasins
  32 orc warriors
  5 sky beasts
  2 hornet zombies
  2 ice beasts (D:10)
  3 phantoms
  A black bear (Lair:3)
  7 ogres
  7 centaurs
  6 wolves (Lair:6)
  A boggart (Elf:1)
  14 crocodiles
  3 big kobolds
  11 bullfrogs
  3 earth elementals
  A water moccasin zombie (D:7)
  6 scorpions
  27 killer bees (Lair:3)
  5 wights (D:8)
  2 electric eels (Lair:3)
  3 howler monkeys
  4 crimson imps
  3 bullfrog zombies
  A centaur zombie (D:10)
  A jelly (D:10)
  16 orc priests
  2 centaur skeletons
  4 hounds
  An iguana (D:7)
  18 orc wizards
  5 worker ants
  A hound skeleton (D:4)
  A hound zombie (D:9)
  A worker ant zombie (D:10)
  Robin (D:2)
  6 gnolls
  13 adders
  A river rat (Lair:3)
  3 shadow imps
  3 oozes
  An adder skeleton (D:4)
  An adder zombie (D:7)
  5 dart slugs
  2 worms
  3 leopard geckos
  114 orcs
  3 giant cockroaches
  21 goblins
  11 hobgoblins
  7 jackals
  2 quokkas
  2 ball pythons
  12 bats
  5 frilled lizards
  A giant cockroach zombie (D:6)
  A jackal skeleton (D:5)
  37 kobolds
  A leopard gecko zombie (D:4)
  A quokka skeleton (D:4)
  11 rats
  A fire vortex (Orc:2)
  A plant (Lair:3)
771 creatures vanquished.

Vanquished Creatures (collateral kills)
  The ghost of jetnerd the Bludgeoner, a journeyman GrFi of Okawaru (Lair:6)
  A death yak (Lair:6)
  A lindwurm (Lair:6)
  An oklob plant (Lair:5)
  5 elephants
  A spiny frog (Lair:6)
  A komodo dragon (Lair:6)
  A polar bear (Lair:6)
  4 blink frogs (Lair:5)
  A yak (Lair:3)
  2 wyverns (Lair:5)
  3 water moccasins
  An orc warrior (D:6)
  A sky beast (D:6)
  A phantom (D:6)
  A centaur (D:6)
  2 crocodiles
  A killer bee (Lair:3)
  A hound (D:6)
  An orc priest (D:6)
  An orc wizard (D:6)
  A worker ant zombie (D:6)
  3 orcs
  A jackal skeleton (D:6)
  3 plants
40 creatures vanquished.

Vanquished Creatures (others)
  An orc warrior (Orc:2)
  A big kobold (D:11)
  A howler monkey (D:4)
  An orc wizard (D:4)
  A worker ant (D:10)
  An adder (D:4)
  A kobold (Bailey)
  A fire vortex (D:11)
  6 fungi
  5 plants
19 creatures vanquished.

Grand Total: 830 creatures vanquished

Notes
Turn   | Place    | Note
-------+----------+-------------------------------------------
     0 | D:1      | swashfuckler the Octopode Monk began the quest for the Orb.
     0 | D:1      | Reached XP level 1. HP: 17/17 MP: 1/1
   136 | D:1      | Reached XP level 2. HP: 19/22 MP: 2/2
   658 | D:2      | Reached XP level 3. HP: 27/27 MP: 3/3
   678 | D:2      | Noticed Robin
   713 | D:2      | Reached skill level 1 in Short Blades
   878 | D:2      | Found a glowing silver altar of Zin.
   881 | D:2      | Found a sacrificial altar of Ru.
   884 | D:2      | Found a bloodstained altar of Trog.
   918 | D:2      | Found a white marble altar of Elyvilon.
  1051 | D:2      | Reached XP level 4. HP: 23/33 MP: 4/4
  1197 | D:2      | Reached skill level 1 in Throwing
  1216 | D:2      | You fall through a shaft!
  1498 | D:3      | Reached XP level 5. HP: 23/37 MP: 5/5
  1546 | D:3      | Learned a level 3 spell: Confuse
  1991 | D:2      | Found an iron altar of Okawaru.
  2018 | D:2      | Killed Robin
  2676 | D:3      | Reached XP level 6. HP: 41/43 MP: 7/7
  2759 | D:4      | Got a translucent short sword
  2760 | D:4      | Identified the +2 short sword of Conformity {antimagic, rPois rC+ Dex+3} (You found it on level 4 of the Dungeon)
  2776 | D:4      | Reached skill level 1 in Spellcasting
  2856 | D:4      | Reached skill level 1 in Shields
  2856 | D:4      | Reached skill level 1 in Hexes
  2864 | D:4      | Noticed Eustachio
  2872 | D:4      | Found a shimmering altar of Xom.
  2904 | D:4      | Killed Eustachio
  2904 | D:4      | Reached XP level 7. HP: 18/49 MP: 7/9
  3176 | D:4      | Found a snail-covered altar of Cheibriados.
  3604 | D:4      | Became a worshipper of Xom the Begetter of Turbulence
  3658 | D:4      | XOM: smoke on damage
  3714 | D:4      | XOM: divination: magic mapping
  3921 | D:5      | Entered Level 5 of the Dungeon
  4052 | D:5      | Noticed Sigmund
  4118 | D:6      | XOM: butterfly on damage
  4147 | D:6      | Gained mutation: You do not regenerate when monsters are visible. [potion of mutation]
  4147 | D:6      | Gained mutation: Your spells are a little harder to cast, but a little more powerful. [potion of mutation]
  4153 | D:6      | Found Anweg's Food Boutique.
  4153 | D:6      | Found Katzawic's Distillery.
  4156 | D:6      | Found Duepuz's General Store.
  4157 | D:6      | Found Inalu's Assorted Antiques.
  4183 | D:6      | Bought a small moonstone ring for 140 gold pieces
  4183 | D:6      | Bought a scroll labeled KATZAPIUNG for 28 gold pieces
  4183 | D:6      | Bought a scroll labeled WIRRYPEASO for 28 gold pieces
  4187 | D:6      | Bought a potion of heal wounds for 70 gold pieces
  4187 | D:6      | Bought a potion of curing for 42 gold pieces
  4187 | D:6      | Bought a potion of might for 56 gold pieces
  4233 | D:6      | Reached XP level 8. HP: 42/54 MP: 11/11
  4341 | D:6      | Found a staircase to the Ecumenical Temple.
  4374 | D:6      | Reached skill level 5 in Dodging
  4464 | D:6      | Found a glowing drain.
  4491 | Sewer    | Entered a sewer
  4524 | Sewer    | XOM: mild Pois miscast
  4531 | Sewer    | Learned a level 3 spell: Confuse
  4535 | Sewer    | Noticed Purgy
  4535 | Sewer    | Noticed rriegs's ghost (amateur CeAM)
  4538 | Sewer    | XOM: mild Ice miscast
  4541 | Sewer    | XOM: cast spell 'Death Channel'
  4545 | Sewer    | Killed rriegs's ghost
  4549 | Sewer    | Killed Purgy
  4549 | Sewer    | Reached skill level 5 in Short Blades
  4650 | D:6      | XOM: 2-stop teleportation journey
  4866 | D:5      | Found a sparkling altar of Nemelex Xobeh.
  5026 | D:5      | Killed Sigmund
  5026 | D:5      | Reached XP level 9. HP: 59/59 MP: 13/13
  5276 | D:6      | Bought a potion of curing for 42 gold pieces
  5276 | D:6      | Bought a potion of agility for 56 gold pieces
  5423 | D:6      | XOM: god gift: 21 stones
  5436 | D:6      | XOM: give mutations
  5436 | D:6      | Gained mutation: You are resistant to hostile enchantments. (MR+) [Xom's grace]
  5436 | D:6      | Gained mutation: You passively map a small area around you. [Xom's grace]
  5436 | D:6      | Gained mutation: You are robust. (+10% HP) [Xom's grace]
  5436 | D:6      | Gained mutation: Your flesh is cold resistant. (rC+) [Xom's grace]
  5507 | D:7      | XOM: noise
  5565 | D:7      | Found Atuahi's Jewellery Boutique.
  5589 | D:7      | XOM: 1-stop teleportation journey
  5655 | D:7      | Found a stormy altar of Qazlal.
  5790 | D:7      | XOM: 1-stop teleportation journey
  5827 | D:7      | XOM: divination: detect items
  5993 | D:8      | XOM: give mutation
  5993 | D:8      | Gained mutation: You are highly resistant to hostile enchantments. (MR++) [Xom's grace]
  6134 | D:8      | XOM: potion effect (agility)
  6142 | D:8      | XOM: divination: detect items
  6151 | D:8      | Reached skill level 1 in Evocations
  6480 | D:8      | XOM: harmless Tloc miscast
  6550 | D:8      | XOM: harmless Necr miscast
  6553 | D:8      | Reached skill level 5 in Fighting
  6619 | D:8      | Reached XP level 10. HP: 67/72 MP: 15/15
  6721 | D:8      | Gained mutation: You possess an exceptional clarity of mind. [mutagenic meat]
  6722 | D:8      | Gained mutation: Your system is resistant to poisons. (rPois) [mutagenic meat]
  6774 | D:8      | Found a staircase to the Lair.
  6826 | D:8      | Gained mutation: Your magical capacity is low. (-10% MP) [mutagenic meat]
  6830 | D:8      | Gained mutation: One of your tentacles bears a spike. [mutagenic meat]
  6857 | D:8      | XOM: give mutations
  6857 | D:8      | Gained mutation: Your muscles are strong. (Str +2) [Xom's grace]
  6857 | D:8      | Gained mutation: One of your tentacles bears a nasty spike. [Xom's grace]
  6857 | D:8      | Gained mutation: You have a pair of small antennae on your head. [Xom's grace]
  6857 | D:8      | Gained mutation: Your flesh is very cold resistant. (rC++) [Xom's grace]
  6879 | D:8      | Found an ancient bone altar of Kikubaaqudgha.
  6918 | D:8      | Noticed a two-headed ogre
  6928 | D:8      | Killed a two-headed ogre
  7279 | D:6      | Bought a potion of haste for 140 gold pieces
  7286 | D:6      | Bought a potion of curing for 84 gold pieces
  7409 | D:9      | Noticed a two-headed ogre
  7489 | D:9      | Killed a two-headed ogre
  7489 | D:9      | Reached skill level 5 in Throwing
  7533 | D:9      | XOM: god gift: 44 gold pieces
  7575 | D:9      | XOM: summons 5 hostile demons
  7754 | D:9      | Found a hazy altar of Hepliaklqana.
  7764 | D:9      | XOM: cloud trail
  8015 | D:9      | XOM: divination: magic mapping
  8050 | D:9      | Noticed Joseph
  8062 | D:9      | Killed Joseph
  8062 | D:9      | Reached skill level 5 in Shields
  8062 | D:9      | Reached XP level 11. HP: 44/79 MP: 15/15
  8152 | D:9      | Noticed a two-headed ogre
  8158 | D:9      | Killed a two-headed ogre
  8158 | D:9      | Reached skill level 10 in Stealth
  8196 | D:9      | Noticed Erolcha
  8203 | D:9      | Killed Erolcha
  8310 | D:9      | Found an opulent altar of Gozag.
  8393 | D:10     | Entered Level 10 of the Dungeon
  8393 | D:10     | XOM: polymorph yak -> blink frog
  8418 | D:10     | XOM: destruction
  8507 | D:10     | XOM: 2-stop teleportation journey
  8512 | D:10     | XOM: god gift: hand crossbow {god gift}
  8670 | D:10     | Lost mutation: You possess an exceptional clarity of mind. [mutagenic meat]
  8673 | D:10     | Lost mutation: One of your tentacles bears a nasty spike. [mutagenic meat]
  8773 | D:10     | XOM: butterfly on damage
  9012 | D:10     | XOM: scenery: create altars
  9146 | D:10     | XOM: give mutations
  9146 | D:10     | Gained mutation: You are very robust. (+20% HP) [Xom's grace]
  9146 | D:10     | Gained mutation: One of your tentacles bears a nasty spike. [Xom's grace]
  9146 | D:10     | Lost mutation: You do not regenerate when monsters are visible. [Xom's grace]
  9146 | D:10     | Gained mutation: Your natural rate of healing is unusually fast. [Xom's grace]
  9146 | D:10     | Gained mutation: Your spells are harder to cast, but more powerful. [Xom's grace]
  9228 | D:10     | XOM: scenery: 1 doors close
  9296 | D:11     | Noticed Urug
  9298 | D:11     | Killed Urug
  9389 | D:11     | Found a staircase to the Orcish Mines.
  9436 | D:11     | XOM: enchant monster (good)
  9442 | D:11     | Reached skill level 5 in Evocations
  9496 | D:11     | XOM: divination: magic mapping
  9498 | D:11     | Noticed Josephine
  9506 | D:11     | XOM: scenery: 1 doors close
  9530 | D:11     | XOM: smoke on damage
  9556 | D:11     | XOM: scenery: 1 doors open, 1 doors close
  9557 | D:11     | Killed Josephine
  9560 | D:11     | XOM: cleaving
  9564 | D:11     | Reached skill level 5 in Hexes
  9593 | D:11     | Found a glowing golden altar of the Shining One.
  9660 | D:11     | Reached XP level 12. HP: 83/94 MP: 16/16
  9812 | D:11     | Found a roughly hewn altar of Beogh.
  9941 | D:11     | XOM: mild Fire miscast
  9958 | D:11     | Reached skill level 10 in Short Blades
 10027 | D:11     | Noticed Snorg
 10083 | D:11     | Killed Snorg
 10273 | Lair:1   | Entered Level 1 of the Lair of Beasts
 10585 | Lair:1   | XOM: mild Conj miscast
 10595 | Lair:1   | XOM: harmless Necr miscast
 10803 | Lair:1   | XOM: enchant monster (bad)
 10827 | Lair:1   | XOM: confuse monster(s)
 10994 | Lair:1   | XOM: harmless Pois miscast
 11090 | Lair:1   | XOM: give mutations
 11090 | Lair:1   | Lost mutation: Your flesh is very cold resistant. (rC++) [Xom's mischief]
 11090 | Lair:1   | Lost mutation: You are highly resistant to hostile enchantments. (MR++) [Xom's mischief]
 11350 | Lair:2   | Found a hole to the Spider Nest.
 11452 | Lair:2   | XOM: give mutations
 11452 | Lair:2   | Lost mutation: You are very robust. (+20% HP) [Xom's mischief]
 11472 | Lair:2   | XOM: harmless Hex miscast
 11623 | Lair:2   | XOM: cast spell 'Leda's Liquefaction'
 11625 | Lair:2   | Reached XP level 13. HP: 65/92 MP: 18/18
 11841 | Lair:3   | Found a staircase to the Shoals.
 11963 | Lair:2   | XOM: confuse monster(s)
 12066 | Lair:3   | Found a burning altar of Makhleb.
 12215 | Lair:3   | XOM: divination: detect creatures
 12228 | Lair:3   | XOM: summons 8 friendly demons
 12321 | Lair:3   | XOM: cast spell 'Summon Small Mammal'
 12368 | Lair:3   | XOM: divination: detect creatures
 12374 | Lair:3   | XOM: scenery: create altars
 12396 | Lair:3   | XOM: enchant monster (good)
 12520 | Lair:3   | Learned a level 1 spell: Animate Skeleton
 12524 | Lair:3   | Learned a level 3 spell: Regeneration
 12535 | Lair:3   | XOM: scenery: create altars
 12584 | Lair:3   | Identified a scroll of acquirement
 12585 | Lair:3   | Got a slimy marble ring
 12586 | Lair:3   | Identified the ring of the Moon {rC- MR+ Str+2 Dex+8 SInv} (You acquired it on level 3 of the Lair of Beasts)
 12665 | Lair:3   | XOM: harmless Air miscast
 12671 | Lair:3   | XOM: mild Necr miscast
 13283 | Lair:3   | XOM: noise
 13284 | Lair:3   | XOM: divination: magic mapping
 13288 | Lair:3   | Reached skill level 1 in Necromancy
 13491 | Lair:4   | Learned a level 3 spell: Ozocubu's Armour
 13763 | Lair:4   | XOM: polymorph blink frog -> spiny frog
 13787 | Lair:4   | Reached skill level 1 in Charms
 13841 | Lair:4   | XOM: silly message
 13880 | Lair:4   | XOM: scenery: create altars
 13905 | Lair:4   | XOM: god gift: wand of acid (?/15) {god gift}
 14051 | Lair:4   | Reached skill level 1 in Ice Magic
 14191 | Lair:4   | Reached skill level 5 in Spellcasting
 14512 | Lair:5   | XOM: scenery: create altars
 14541 | Lair:5   | XOM: noise
 14551 | Lair:5   | XOM: harmless Tloc miscast
 14565 | Lair:5   | XOM: scenery: create altars
 14614 | Lair:5   | Reached XP level 14. HP: 48/99 MP: 10/19
 14618 | Lair:5   | XOM: polymorph elephant -> swamp worm
 14787 | Lair:5   | XOM: god gift: runed glass wand {god gift}
 14798 | Lair:5   | Learned a level 3 spell: Vampiric Draining
 14803 | Lair:5   | Learned a level 4 spell: Animate Dead
 14808 | Lair:5   | Learned a level 4 spell: Control Undead
 14870 | Lair:5   | XOM: confuse monster(s)
 14929 | Lair:5   | Found a staircase to the Slime Pits.
 14981 | Lair:5   | XOM: harmless Summ miscast
 14999 | Lair:5   | XOM: silly message
 15069 | Lair:5   | XOM: god gift: long sword {god gift}
 15644 | Lair:6   | XOM: noise
 15644 | Lair:6   | Entered Level 6 of the Lair of Beasts
 15646 | Lair:6   | XOM: 6-stop teleportation journey
 15715 | Lair:6   | XOM: scenery: create altars
 15741 | Lair:6   | Noticed jetnerd's ghost (journeyman GrFi)
 15746 | Lair:6   | XOM: 2-stop teleportation journey
 15787 | Lair:6   | XOM: god gift: weird smoking staff {god gift}
 15804 | Lair:6   | XOM: 5-stop teleportation journey
 15893 | Lair:6   | XOM: confuse monster(s)
 15896 | Lair:6   | XOM: confuse monster(s)
 15901 | Lair:6   | XOM: confuse monster(s)
 15973 | Lair:6   | XOM: smoke on damage
 15994 | Lair:6   | XOM: god gift: 48 gold pieces
 16025 | Lair:6   | XOM: medium Necr miscast
 16045 | Lair:6   | Reached skill level 10 in Dodging
 16275 | Lair:6   | XOM: summons 4 hostile shadow creatures
 16283 | Lair:6   | Killed jetnerd's ghost
 16396 | Lair:6   | XOM: harmless Necr miscast
 16419 | Lair:6   | XOM: swap monsters
 16566 | Lair:6   | XOM: confusion
 16567 | Lair:6   | XOM: smoke on damage
 16569 | Lair:6   | XOM: swap monsters
 16899 | D:8      | XOM: give mutations
 16899 | D:8      | Lost mutation: One of your tentacles bears a nasty spike. [Xom's mischief]
 16899 | D:8      | Lost mutation: One of your tentacles bears a spike. [Xom's mischief]
 17032 | Orc:1    | Entered Level 1 of the Orcish Mines
 17061 | Orc:1    | Found a flagged portal.
 17114 | Bailey   | Entered a bailey
 17272 | Bailey   | XOM: chaos upgrade
 17274 | Bailey   | XOM: potion effect (agility)
 17414 | Orc:1    | Found Waituxerith's General Store.
 17452 | Orc:1    | Bought a potion of curing for 39 gold pieces
 17452 | Orc:1    | Bought a potion of curing for 39 gold pieces
 17635 | Orc:2    | Entered Level 2 of the Orcish Mines
 17692 | Orc:2    | Gained mutation: Scrolls take you a little longer to read. [a neqoxec]
 17793 | Orc:2    | Found a roughly hewn altar of Beogh.
 17797 | Orc:2    | Found Suinewif's Assorted Antiques.
 17836 | Orc:2    | Bought a glowing gilded ring for 125 gold pieces
 17836 | Orc:2    | Bought a potion of curing for 75 gold pieces
 17836 | Orc:2    | Bought a potion of might for 100 gold pieces
 17875 | Orc:2    | XOM: give mutations
 17875 | Orc:2    | Gained mutation: You evolve. [Xom's grace]
 17875 | Orc:2    | Gained mutation: You rapidly evolve. [Xom's grace]
 17936 | Orc:2    | Found a roughly hewn altar of Beogh.
 17948 | Orc:2    | Reached XP level 15. HP: 102/106 MP: 21/21
 17949 | Orc:2    | Found Honkia's Book Boutique.
 18037 | Orc:2    | XOM: summons friendly iron imp
 18043 | Orc:2    | Reached skill level 10 in Throwing
 18047 | Orc:2    | XOM: give mutations
 18047 | Orc:2    | Gained mutation: You are agile. (Dex +2) [Xom's grace]
 18047 | Orc:2    | Gained mutation: You possess an exceptional clarity of mind. [Xom's grace]
 18047 | Orc:2    | Gained mutation: Your flesh is heat resistant. (rF+) [Xom's grace]
 18110 | Orc:2    | XOM: scenery: create altars
 18192 | Orc:2    | Found a staircase to the Elven Halls.
 18203 | Orc:2    | XOM: god gift: scroll of vulnerability
 18205 | Orc:2    | XOM: give mutations
 18205 | Orc:2    | Gained mutation: One of your tentacles bears a spike. [Xom's grace]
 18205 | Orc:2    | Gained mutation: You are highly resistant to hostile enchantments. (MR++) [Xom's grace]
 18205 | Orc:2    | Gained mutation: Your flesh is very heat resistant. (rF++) [Xom's grace]
 18299 | Orc:2    | Found a roughly hewn altar of Beogh.
 18660 | Orc:2    | Noticed an orc warlord
 18663 | Orc:2    | XOM: cast spell 'Death Channel'
 18677 | Orc:2    | Killed an orc warlord
 18691 | Orc:2    | XOM: cast spell 'Monstrous Menagerie'
 18700 | Orc:2    | Found Tekh's Antique Armour Boutique.
 18702 | Orc:2    | Found a roughly hewn altar of Beogh.
 18702 | Orc:2    | Found Gacig's Antique Weapon Shop.
 18791 | Orc:2    | XOM: harmless Fire miscast
 18830 | Orc:2    | XOM: divination: detect items
 18881 | Orc:2    | Bought a runed rapier for 210 gold pieces
 18881 | Orc:2    | Bought a glowing demon blade for 540 gold pieces
 18930 | Orc:2    | XOM: silly message
 18973 | Elf:1    | Entered Level 1 of the Elven Halls
 18989 | Elf:1    | XOM: potion effect (curing)
 18995 | Elf:1    | XOM: potion effect (haste)
 19057 | Elf:1    | XOM: potion effect (invisibility)
 19066 | Elf:1    | XOM: potion effect (invisibility)
 19154 | Elf:1    | XOM: give mutations
 19154 | Elf:1    | Lost mutation: Your muscles are strong. (Str +2) [Xom's mischief]
 19154 | Elf:1    | Lost mutation: You are agile. (Dex +2) [Xom's mischief]
 19331 | Elf:1    | XOM: divination: detect creatures
 19366 | Elf:1    | XOM: divination: magic mapping
 19449 | Elf:1    | XOM: potion effect (agility)
 19459 | Elf:1    | XOM: enchant monster (good)
 19483 | Elf:1    | Reached skill level 5 in Charms
 19505 | Elf:1    | Noticed a deep elf sorcerer
 19512 | Elf:1    | XOM: enchant monster (good)
 19515 | Elf:1    | Killed a deep elf sorcerer
 19718 | Elf:1    | Lost mutation: You rapidly evolve. [decline of evolution]
 19895 | Elf:1    | XOM: cloud trail
 19969 | Elf:1    | Reached skill level 5 in Necromancy
 19976 | Elf:1    | Reached skill level 5 in Ice Magic
 20125 | Elf:2    | Reached XP level 16. HP: 114/114 MP: 23/23
 20218 | Elf:2    | Found Nar Mys's Assorted Antiques.
 20251 | Elf:2    | XOM: divination: magic mapping
 20263 | Elf:2    | Bought a scroll of identify for 60 gold pieces
 20263 | Elf:2    | Bought a scroll of enchant weapon for 225 gold pieces
 20263 | Elf:2    | Bought a tapered glass wand for 120 gold pieces
 20323 | Elf:2    | XOM: cast spell 'Olgreb's Toxic Radiance'
 20327 | Elf:2    | Reached skill level 10 in Evocations
 20469 | Elf:2    | XOM: god gift: scroll of noise
 20571 | Elf:2    | Found a huge runed gate.
 20571 | Elf:2    | Found a huge runed gate.
 20572 | Elf:2    | Found a huge runed gate.
 20573 | Elf:2    | Found a huge runed gate.
 20580 | Elf:2    | Found a huge runed gate.
 20639 | Elf:2    | XOM: divination: detect creatures
 20770 | Elf:2    | XOM: harmless Tmut miscast
 20815 | Elf:2    | XOM: divination: detect creatures
 20912 | Elf:2    | XOM: divination: magic mapping
 20923 | Elf:2    | XOM: silly message
 20938 | Elf:2    | HP: 2/171 [war axe of electrocution (13)]
 20941 | Elf:2    | Slain by a halberd of protection

Vault maps used:
D:1:      eino_arrival_water_star
D:2:      lemuel_round_altar, elyvilon_altar_5, grunt_temple_overflow_diamond,
          minivault_24, uniq_robin
D:3:      first_bread, wad_orctagon
D:4:      nicolae_overflow_hidden_temple, xom_confusion_cloud, uniq_eustachio
D:5:      lemuel_doored_altar, hangedman_decor_growths, uniq_sigmund
D:6:      minmay_temple_entry_mist, cheibrodos_sewer_entry_bend,
          minmay_shop_grid_forest
D:7:      nicolae_qazlal_general_emergency, serial_shops, shop_fountains
D:8:      marbit_many_paths, grunt_lair_entry_orc_guard_hut, minivault_1,
          the_bakery, grunt_ministairs_6
D:9:      kennysheep_mini, grunt_gozag_breadcrumbs, uniq_erolcha, uniq_joseph
D:10:     minmay_diamond_spiral
D:11:     hiddenorc1_lemuel, tso_altar, uniq_josephine, uniq_snorg, uniq_urug
Lair:1:   kb_forest_paths
Lair:2:   spider_nest_entry_web_field, serial_bayou_ford_a
Lair:3:   regret_index_harrowing_hell_hive, minmay_shoals_entry_hut,
          nicolae_quartered_pool_medium, lemuel_centaur_altar,
          minmay_lair_oklob_chamber, lemuel_fruit_tree
Lair:5:   dpeg_oklob_gauntlet, minmay_slime_entry_oklob_enclosed,
          beast_lair_carwin_6
Lair:6:   grunt_lair_end_beastmaster
Orc:1:    serial_shops, shop, enter_bailey_2
Orc:2:    grunt_orc_community_town_hall, grunt_orc_community_big_house_1,
          grunt_orc_community_big_house_2, grunt_orc_community_house_1,
          grunt_orc_community_house_3, grunt_orc_community_house_3,
          grunt_orc_community_house_1, grunt_orc_community_house_2,
          nicolae_orc_lava_tube, nicolae_orc_stony_grotto
Elf:1:    eino_elf_arrival_the_gate, hangedman_elf_disciples,
          einodemon_crawler_minivault
Elf:2:    serial_shops, nicolae_shop_window_shopping, grunt_ministairs_14,
          nicolae_twisting_strands, serial_sigils_hangedman_scar,
          nicolae_elf_glass_and_crystal_pillar_2
Sewer:    sewer_big_baddie
Bailey:   bailey_axe_1, bailey

Skill      XL: |  1  2  3  4  5  6  7  8  9 10 11 12 13 14 15 16 |
---------------+-------------------------------------------------+-----
Stealth        | 6 7 8 9 10 11 12 13 | 13.7
Short Blades   | 1 2 3 4 5 7 8 9 11 12 13 | 13.4
Throwing       | 1 2 3 4 5 7 9 10 | 10.8
Spellcasting   | 1 2 3 4 5 6 7 |  7.3
Shields        | 1 2 3 4 5 6 7 |  7.6
Hexes          | 1 2 3 4 5 |  5.1
Dodging        | 5 6 7 8 9 10 11 | 11.0
Evocations     | 1 3 5 6 8 9 10 | 10.2
Fighting       | 5 6 7 |  7.9
Necromancy     | 2 3 5 |  5.7
Charms         | 2 3 5 |  5.7
Ice Magic      | 2 3 5 |  5.6
Unarmed Combat | |  0.8

Action                   |  1- 3 |  4- 6 |  7- 9 | 10-12 | 13-15 | 16-18 || total
-------------------------+-------+-------+-------+-------+-------+-------++-------
Melee: Unarmed           |     7 |       |       |       |       |       ||     7
       Dagger            |    26 |    85 |     6 |       |       |       ||   117
       Constrict         |    21 |    28 |    39 |    28 |   135 |    23 ||   274
       Tentacles         |    10 |    27 |    37 |   105 |   374 |    51 ||   604
       Short sword       |    43 |    33 |       |       |       |       ||    76
       Punch             |       |     1 |       |     3 |     8 |     2 ||    14
       Rapier            |       |       |   190 |   438 |   937 |   136 ||  1701
       Kick              |       |       |       |   155 |   486 |    84 ||   725
 Fire: Blowgun           |       |       |       |       |     5 |       ||     5
Throw: Javelin           |     7 |     3 |       |    62 |    27 |       ||    99
       Tomahawk          |       |     2 |    21 |    17 |   136 |       ||   176
       Throwing net      |       |     2 |       |     2 |       |       ||     4
 Cast: Confuse           |       |       |     1 |    19 |     4 |       ||    24
       Ozocubu's Armour  |       |       |       |       |    17 |     7 ||    24
       Animate Skeleton  |       |       |       |       |    43 |       ||    43
       Regeneration      |       |       |       |       |    11 |     3 ||    14
       Animate Dead      |       |       |       |       |       |     1 ||     1
Evoke: Wand              |       |       |     3 |    10 |    56 |       ||    69
  Use: Scroll            |       |       |    24 |    14 |    15 |     2 ||    55
       Potion            |       |       |     4 |     7 |     5 |     4 ||    20
 Stab: Sleeping          |    14 |    14 |    19 |    33 |    45 |    15 ||   140
       Distracted        |       |     1 |     2 |     2 |     2 |       ||     7
       Held in net/web   |       |     1 |       |     3 |       |       ||     4
       Confused          |       |       |     1 |     6 |    15 |       ||    22
       Paralysed         |       |       |     1 |       |     3 |       ||     4
       Petrified         |       |       |       |     1 |     3 |       ||     4
       Fleeing           |       |       |       |       |     1 |       ||     1
       Invisible         |       |       |       |       |     5 |       ||     5
  Eat: Chunk             |       |     5 |     5 |    17 |     4 |       ||    31
       Royal jelly       |       |     1 |     1 |       |     3 |       ||     5
       Meat ration       |       |       |     2 |       |     1 |       ||     3
       Bread ration      |       |       |       |     2 |     2 |     1 ||     5
       Fruit             |       |       |       |       |     9 |       ||     9
Armor: Skin              |     6 |     7 |     7 |    19 |    84 |    16 ||   139
Dodge: Dodged            |    56 |    52 |    92 |   192 |   471 |    68 ||   931
Block: Buckler           |       |     3 |    46 |   135 |   420 |    48 ||   652
       Reflection        |       |       |       |    10 |    43 |     1 ||    54
